AoeStats
← 白鹿城拉车车

Arena

509855922Analyzed
4v4 RM · 2d ago on Sep 28, 2026· 43m 0s· 8 players
Game mode
Random Map
Map size
Large (8 player)
Population
200
Speed
Normal
Resources
Standard
Victory
Conquest
Starting age
Dark Age
Ending age
Imperial Age
RankedLock teamsTeams togetherTeam positionsShared explorationLock speedFull tech treeHidden civsTurbo modeCheats
Victory
Defeat
🇩🇪 Japanese · Germany
1434
+12
🇨🇳 Mongols · China
1354
+15
🇨🇳 Malay · China
1341
+16
🇨🇳 Koreans · China
1324
+16
🇨🇳 Varangians · China
1397
-17
🇹🇼 Britons · Taiwan
1335
-15
🇦🇷 Burmese · Argentina
1329
-14
🇨🇳 Danes · China
1289
-13
微操大师蒋中正
10:54 Feudal Age
14:43 Castle Age
13:08 Double-Bit Axe
13:17 Horse Collar
19:36 Bow Saw
22:26 Wheelbarrow
22:42 Town Watch
22:44 Loom
26:50 Heavy Plow
29:57 Imperial Age
28:21 Scale Mail Armor
28:47 Hand Cart
29:19 Forging
29:08 Gold Mining
29:10 Stone Mining
29:09 Pikeman
29:50 Squires
29:35 Arson
29:40 Gambesons
30:36 Elite Varangian Guard
30:57 Capped Ram
32:27 Elite Skirmisher
33:13 Padded Archer Armor
33:03 Fletching
34:40 Leather Archer Armor
34:21 Bodkin Arrow
36:54 Ring Archer Armor
36:19 Bodkin Arrow
36:00 Pikeman
37:52 Chain Mail Armor
38:13 Iron Casting
39:19 Bracer
39:58 Halberdier
yenyang
9:41 Loom
12:03 Feudal Age
16:15 Castle Age
14:06 Double-Bit Axe
15:26 Horse Collar
17:20 Heavy Plow
24:19 Gold Mining
24:56 Bow Saw
27:13 Ballistics
31:03 Imperial Age
28:51 Fletching
29:50 Gold Shaft Mining
30:08 Sanctity
30:21 Yeomen
30:06 Padded Archer Armor
30:20 Bodkin Arrow
31:49 Bracer
32:32 Guilds
31:56 Pikeman
32:39 Squires
34:09 Conscription
36:12 Leather Archer Armor
35:59 Onager
37:10 Scale Mail Armor
37:21 Forging
38:42 Chemistry
37:56 Halberdier
[ESTG] Mauzinga
12:35 Feudal Age
10:51 Loom
16:26 Castle Age
14:19 Horse Collar
14:59 Loom
19:47 Heavy Plow
26:08 Padded Archer Armor
32:06 Loom
33:18 Wheelbarrow
39:07 Bloodlines
40:27 Scale Barding Armor
41:46 Fortified Wall
44:53 Imperial Age
白鹿城拉车车
9:43 Feudal Age
13:27 Castle Age
11:44 Double-Bit Axe
12:09 Horse Collar
15:21 Bow Saw
22:35 Wheelbarrow
22:16 Loom
23:48 Heavy Plow
24:12 Hand Cart
24:43 Gold Mining
28:58 Imperial Age
26:24 Town Watch
26:37 Stone Mining
26:34 Treadmill Crane
27:07 Scale Barding Armor
27:14 Forging
28:31 Stone Shaft Mining
28:37 Chain Barding Armor
29:26 Iron Casting
30:15 Conscription
30:11 Husbandry
31:20 Plate Barding Armor
31:32 Bloodlines
32:58 Blast Furnace
32:12 Fletching
32:41 Light Cavalry
32:59 Elite Jarl
34:39 Elite Jarl
34:53 Hussar
35:58 Vendel Legacy
37:39 Bodkin Arrow
38:33 Bracer
39:14 Gothikon
41:05 Cavalier
Krabbel
10:50 Feudal Age
14:47 Castle Age
12:41 Double-Bit Axe
15:55 Bow Saw
19:04 Gold Mining
20:47 Horse Collar
22:34 Scale Mail Armor
24:33 Chain Mail Armor
26:24 Wheelbarrow
26:04 Forging
26:15 Fortified Wall
27:53 Hand Cart
27:43 Yasama
27:34 Fletching
27:57 Heavy Plow
30:51 Guard Tower
31:26 Bodkin Arrow
33:35 Iron Casting
37:22 Imperial Age
36:01 Ballistics
38:38 Keep
39:04 Chemistry
37:50 Arrowslits
38:37 Bracer
41:34 Conscription
41:36 Hand Cart
73624617386501790
10:30 Feudal Age
11:45 Double-Bit Axe
14:38 Castle Age
12:24 Horse Collar
15:41 Bow Saw
18:20 Heavy Plow
23:37 Wheelbarrow
26:08 Gold Mining
26:50 Hand Cart
26:59 Loom
27:00 Town Watch
27:21 Fletching
30:37 Imperial Age
27:53 Elite Skirmisher
28:42 Bodkin Arrow
31:24 Ballistics
30:41 Capped Ram
32:32 Chemistry
31:35 Bracer
33:34 Two-Man Saw
36:33 Scale Mail Armor
36:43 Forging
35:57 Heavy Rocket Cart
36:49 Siege Engineers
36:36 Pikeman
37:16 Squires
38:50 Halberdier
Walkuere
10:20 Feudal Age
9:58 Double-Bit Axe
9:55 Horse Collar
17:55 Castle Age
18:23 Bow Saw
18:17 Heavy Plow
19:37 Wheelbarrow
20:31 Loom
23:36 Gold Mining
24:31 Stone Mining
24:34 Town Watch
25:29 Fletching
27:13 Bodkin Arrow
27:47 Hand Cart
34:38 Imperial Age
33:04 Scale Barding Armor
33:59 Forging
34:39 Crop Rotation
34:48 Gold Shaft Mining
35:17 Chemistry
33:58 Elite Battle Elephant
35:19 Iron Casting
35:25 Conscription
35:15 Husbandry
37:35 Blast Furnace
37:00 Bracer
40:22 Ballistics
40:07 Siege Engineers
300P 4V4
9:36 Feudal Age
13:54 Castle Age
12:14 Double-Bit Axe
14:59 Bow Saw
18:23 Horse Collar
21:39 Wheelbarrow
21:39 Heavy Plow
21:38 Stone Mining
22:38 Gold Mining
23:52 Hand Cart
24:55 Stone Shaft Mining
24:34 Loom
25:38 Gold Shaft Mining
26:54 Fletching
30:15 Imperial Age
27:45 Bodkin Arrow
27:50 Padded Archer Armor
27:56 Scale Barding Armor
28:43 Ballistics
29:08 Thumb Ring
29:42 Leather Archer Armor
30:27 Elite Mangudai
31:28 Conscription
32:21 Chemistry
31:23 Bracer
31:50 Parthian Tactics
31:59 Bloodlines
32:05 Husbandry
32:04 Light Cavalry
33:44 Chain Barding Armor
33:34 Forging
33:09 Hussar
34:21 Forging
34:24 Masonry
36:56 Heavy Cavalry Archer
40:36 Iron Casting
Connection lost

Rejoining the realm…

Still unreachable

The connection could not be restored.

Session expired

The server has moved on; the page needs a fresh start.